 Dungeon Crawl Stone Soup version 0.29.1-12-g30fa7ad0bf (webtiles) character file.

Game seed: 13708092531023503471

438 cheesebisquit the Trooper (level 6, -2/63 HPs)
             Began as a Troll Monk on Jan 13, 2023.
             Slain by a gnoll
             ... wielding a +0 flail
              (7 damage)
             ... on level 4 of the Dungeon on Jan 14, 2023.
             The game lasted 00:22:18 (3204 turns).

cheesebisquit the Trooper (Troll Monk)              Turns: 3204, Time: 00:22:18

Health: -2/63      AC:  4    Str: 20 (22) XL:     6   Next: 69%
Magic:  5/5        EV: 14    Int:  4 (6)  God:
Gold:   150        SH:  0    Dex: 10 (12) Spells: 5/5 levels left

rFire   . . .      SeeInvis +     - Unarmed
rCold   . . .      Faith    .   (no shield)
rNeg    . . .      Spirit   .   a - +0 robe
rPois   .          Reflect  .   (helmet restricted)
rElec   .          Harm     .   (no cloak)
rCorr   .          Rampage  .   (gloves unavailable)
Will    .....                   (boots unavailable)
Stlth   +.........              i - amulet of the acrobat
HPRegen 1.00/turn               r - ring of see invisible
MPRegen 0.09/turn               m - +4 ring of evasion

@: mighty, attractive, flying, studying Unarmed Combat
A: large, unfitting armour, claws 3, regeneration 1, shaggy fur 1, tough skin 1
a: no special abilities


You were on level 4 of the Dungeon.
You visited 1 branch of the dungeon, and saw 4 of its levels.

You collected 150 gold pieces.

Inventory:

Hand Weapons
 q - a +0 flail
Missiles
 g - 6 large rocks
 h - 5 poisoned darts (quivered)
Armour
 a - a +0 robe (worn)
Jewellery
 i - an amulet of the acrobat (around neck)
 m - a +4 ring of evasion (right claw)
 r - a ring of see invisible (left claw)
Wands
 e - a wand of flame (17)
 u - a wand of paralysis (9)
Scrolls
 c - 4 scrolls of identify
 d - a scroll of noise
 k - a scroll of vulnerability {unknown}
 n - a scroll of amnesia {unknown}
 p - a scroll of immolation {unknown}
 s - a scroll of enchant weapon {unknown}
 t - a scroll of magic mapping {unknown}
Potions
 b - a potion of ambrosia
 f - 4 potions of attraction
 j - a potion of degeneration


   Skills:
 * Level 4.6 Fighting
 + Level 2.5 Maces & Flails
 + Level 2.6 Throwing
 - Level 2.5 Dodging
 - Level 1.1 Stealth
 + Level 4.0 Unarmed Combat


You had 5 spell levels left.
You didn't know any spells.
Your spell library contained the following spells:

 Spells                   Type           Power      Damage    Failure   Level
 Sublimation of Blood     Necr           0%         N/A       65%         2
 Stone Arrow              Conj/Erth      0%         3d7       86%         3
 Animate Armour           Summ/Erth      0%         N/A       99%         4
 Petrify                  Tmut/Erth      0%         N/A       99%         4
 Irradiate                Conj/Tmut      0%         3d11      100%        5
 Lehudib's Crystal Spear  Conj/Erth      0%         10d2      100%        8


Dungeon Overview and Level Annotations

Branches:
Dungeon (4/15)             Temple (0/1) D:4

Altars:
Kikubaaqudgha


Innate Abilities, Weirdness & Mutations

You are too large for most types of armour.
You have claws for hands.
Your natural rate of healing is unusually fast.
You are covered in fur. (AC +1)
You have tough skin. (AC +1)


Message History

You barely miss the gnoll. The gnoll barely misses you.
The gnoll closely misses you.
The gnoll hits you from afar with a +0 halberd!
You claw the gnoll!
The gnoll is severely wounded.
The gnoll misses you. The gnoll barely misses you.
The gnoll hits you from afar with a +0 halberd!
You closely miss the gnoll. You claw the gnoll.
The gnoll is severely wounded.
The gnoll hits you with a +0 spear.
The gnoll hits you from afar with a +0 halberd!
The gnoll closely misses you.
You barely miss the gnoll.
The gnoll is severely wounded.
The gnoll closely misses you. The gnoll misses you.
You scratch the gnoll.
You kill the gnoll!
The gnoll misses you. The gnoll hits you with a +0 flail!
It was a potion of attraction.
You feel attractive to monsters.
The gnoll barely misses you. x2; The gnoll is attracted toward you.
It was a potion of degeneration.
There was something very wrong with that liquid.
You feel weakened.
You feel dopey.
You feel clumsy. The gnoll hits you with a +0 halberd!
* * * LOW HITPOINT WARNING * * *
The gnoll closely misses you.
It was a potion of might.
You feel very mighty all of a sudden. The gnoll closely misses you.
The gnoll hits you with a +0 flail!
* * * LOW HITPOINT WARNING * * *
It was a potion of flight.
You feel very buoyant.
You fly up into the air.
The gnoll closely misses you. The gnoll barely misses you.
As you read the scroll labelled MEV PARPHYPN, it crumbles to dust.
It is a scroll of identify.
d - a scroll of noise The gnoll barely misses you.
The gnoll hits you with a +0 flail!
You die...

...................
####..............
##########'#............
.......#......##)#......
.......#..88.....#......
.......#8.8.#.#..####...
.......#.8..#.#.†#......
.......#....#.##........
......g@.........#)...##
.......g)..##..........#
..###.......+...........
#......##.......8..#
######..............
#....####...... ....#
#####.. ...# ######
#....#


You could see 2 gnolls.

Vanquished Creatures
  A phantom (D:4)
  A necrophage (D:4)
  An orc priest (D:4)
  2 iguanas (D:3)
  3 orc wizards
  A hound zombie (D:4)
  2 gnolls (D:4)
  A howler monkey skeleton (D:4)
  An adder (D:4)
  An adder skeleton (D:4)
  A worm (D:2)
  3 dart slugs
  9 orcs
  6 endoplasms
  2 giant cockroaches
  7 goblins
  7 hobgoblins
  4 jackals (D:3)
  3 quokkas
  5 ball pythons
  8 bats
  7 frilled lizards
  6 kobolds
  3 rats
85 creatures vanquished.

Vanquished Creatures (others)
  A human (D:3)
  24 plants (D:2)
  A withered plant (D:4)
26 creatures vanquished.

Grand Total: 111 creatures vanquished

Notes
Turn   | Place    | Note
-------+----------+-------------------------------------------
     0 | D:1      | cheesebisquit the Troll Monk began the quest for the Orb.
     0 | D:1      | Reached XP level 1. HP: 22/22 MP: 0/0
   234 | D:1      | Reached XP level 2. HP: 27/29 MP: 1/1
   743 | D:1      | Reached XP level 3. HP: 36/36 MP: 2/2
  1639 | D:2      | Found a faded altar of an unknown god.
  1658 | D:2      | Reached skill level 1 in Throwing
  1962 | D:3      | Found an ancient bone altar of Kikubaaqudgha.
  1966 | D:3      | Noticed a human
  1968 | D:3      | Killed a human
  2157 | D:3      | Reached skill level 1 in Maces & Flails
  2528 | D:3      | Reached XP level 4. HP: 45/45 MP: 3/3
  2685 | D:4      | Found a staircase to the Ecumenical Temple.
  2813 | D:3      | Reached XP level 5. HP: 54/54 MP: 4/4
  3007 | D:4      | Reached XP level 6. HP: 62/62 MP: 5/5
  3202 | D:4      | HP: 3/63 [gnoll/+0 flail (9)]
  3204 | D:4      | Slain by a gnoll

Illustrated notes

Levels and vault maps discovered:
D:1:      matt_arrival_diagonals, layout_basic, serial_corexii_hall,
          corexii_hall_statues_l, chequers_hall_statues_y, minmay_tall_x
D:2:      layout_basic, chequers_ecumenical_altar_island, kennysheep_boxes
D:3:      layout_basic, tgw_kikubaaqudgha
D:4:      layout_basic, minmay_temple_entry_wispy, serial_undead,
          serial_undead_d, serial_undead_c, serial_undead_e, serial_undead_d,
          minmay_manual_mail

Skill      XL: |  1  2  3  4  5  6 |
---------------+-------------------+-----
Fighting       | 3 4 |  4.6
Throwing       | 1 2 |  2.6
Maces & Flails | 1 2 |  2.5
Unarmed Combat | 4 |  4.0
Dodging        | |  2.5
Stealth        | |  1.1

Action                   |  1- 3 |  4- 6 || total
-------------------------+-------+-------++-------
Melee: Unarmed           |    43 |    39 ||    82
       Club              |    31 |       ||    31
       Whip              |    14 |       ||    14
       Mace              |    65 |       ||    65
       Flail             |     1 |    78 ||    79
       Punch             |     1 |     4 ||     5
Throw: Large rock        |    11 |     6 ||    17
       Stone             |    13 |    12 ||    25
       Dart              |       |     6 ||     6
       Throwing net      |       |     1 ||     1
  Use: Potion            |       |     4 ||     4
       Scroll            |       |     1 ||     1
 Stab: Sleeping          |     1 |     1 ||     2
Armor: Robe              |    66 |    26 ||    92
Dodge: Dodged            |   131 |   146 ||   277
